 Dungeon Crawl Stone Soup version 0.30.1-9-gdf580d7c3d (webtiles) character file.

Game seed: 5258196876810918437

56 croobank the Sneak (level 3, 0/26 HPs)
             Began as an Octopode Delver on Sept 25, 2023.
             Slain by a white imp (2 damage)
             ... on level 3 of the Dungeon.
             The game lasted 00:02:06 (154 turns).

croobank the Sneak (Octopode Delver)                 Turns: 154, Time: 00:02:06

Health: 0/26       AC:  1    Str: 11    XL:     3   Next: 97%
Magic:  3/3        EV: 13    Int: 14    God:
Gold:   20         SH:  0    Dex: 13    Spells: 2/2 levels left

rFire   . . .        a - +0 short sword
rCold   . . .        (no shield)
rNeg    . . .        (helmet restricted)
rPois   .            (no amulet)
rElec   .            (no ring)
rCorr   .            (no ring)
SInv    .            (no ring)
Will    .....        (no ring)
Stlth   ++++         (no ring)
HPRegen 0.24/turn    (no ring)
MPRegen 0.08/turn    (no ring)
                     (no ring)

%: no passive effects
@: lethally poisoned (0 -> -2), hasted, very quick
A: almost no armour, amphibious, 8 rings, camouflage 1, gelatinous body 1,
(nimble swimmer 1), tentacles
a: no special abilities


You were on level 3 of the Dungeon.
You visited 1 branch of the dungeon, and saw 4 of its levels.

You collected 20 gold pieces.

Inventory:

Hand Weapons
 a - a +0 short sword (weapon)
 g - a +3 great sword
 h - a +2 heavy hand axe
Wands
 f - a wand of digging (3)
Scrolls
 b - a scroll of fog
 c - a scroll of magic mapping
 i - a scroll of identify {unknown}


   Skills:
 + Level 3.4 Fighting
 + Level 2.6 Short Blades
 + Level 2.6 Dodging
 + Level 7.1 Stealth


You had 2 spell levels left.
You didn't know any spells.
Your spell library contained the following spells:

 Spells                   Type           Power      Damage    Failure   Level
 Magic Dart               Conj           0%         1d3       28%         1
 Call Imp                 Summ           0%         N/A       41%         2
 Mephitic Cloud           Conj/Pois/Air  0%         N/A       65%         3


Dungeon Overview and Level Annotations

Branches:
Dungeon (6/15)
 Temple: D:4-7

Altars:


Innate Abilities, Weirdness & Mutations

You cannot wear most types of armour.
You are amphibious.
You can wear up to eight rings at the same time.
Your skin changes colour to match your surroundings (Stealth+).
Your rubbery body absorbs attacks. (AC +1, EV +1)
((You are camouflaged when in or above water. (Stealth+)))
You have tentacles for arms and can constrict up to eight enemies at once.


Message History

The adder poisons you!
There is a stone staircase leading up here.
You feel sick. The adder closely misses you. x2
You climb upwards.
You feel sick.
Found a black potion.
There is a stone staircase leading down here.
You hit the white imp. Your grab misses the white imp.
The white imp is moderately wounded.
You feel sick.
You are no longer poisoned.
The white imp barely misses you. The adder bites you.
You hit the adder. Your grab misses the adder.
The adder is moderately wounded.
The white imp closely misses you. The adder closely misses you.
You barely miss the white imp. You grab the white imp.
The white imp is moderately wounded.
You constrict the white imp, but do no damage.
The adder misses you. The white imp hits you. The white imp freezes you.
You hit the white imp but do no damage.
You squeeze the white imp, but do no damage.
The white imp is moderately wounded.
You constrict the white imp. The adder bites you.
* * * LOW HITPOINT WARNING * * *
You are poisoned.
The adder poisons you! The white imp closely misses you.
You barely miss the adder. You grab the adder.
The adder is moderately wounded.
You constrict the white imp, but do no damage.
You constrict the adder.
* * * LOW HITPOINT WARNING * * *
You feel sick. The adder barely misses you.
The white imp completely misses you. The adder closely misses you.
You feel yourself speed up.
You constrict the white imp, but do no damage.
You constrict the adder.
* * * LOW HITPOINT WARNING * * *
You feel sick. The white imp hits you.
* * * LOW HITPOINT WARNING * * *
The white imp freezes you.
You die...

,,,,,*,,,*,,,***######....##*****
,,,*,*,,,..................##
,,,,,*,,,...................#
,,,*,,,*,...................#
,,*,,,,*,...................#
,,,,,,,*,..............>....#
,,,,,,**,.....r..........†>.#
,,,,****,......S............#
,,,,*****.......@5.........##
,,,,,,,,,.......5...........#
,,,,****,.........##.######.#*
,,,,* *,.........##...,**,..*
,,,,* *,.........###**.,*,..#
,,,,* *,...!.....# **,*,..# ,,,,*
**........## *,,,,,* *****
*#......## **,,,,* ********
**,,,*


You could see an adder, a white imp, an ufetubus and a rat.

Vanquished Creatures
  A wight (D:5)
  A worm (D:3)
  A hobgoblin (D:4)
  A kobold (D:4)
4 creatures vanquished.

Notes
Turn   | Place    | Note
-------+----------+-------------------------------------------
     0 | D:5      | croobank the Octopode Delver began the quest for the Orb.
     0 | D:5      | Reached XP level 1. HP: 16/16 MP: 1/1
     6 | D:6      | Noticed a wight
     6 | D:6      | Noticed a wight
     6 | D:6      | Noticed a wight
     6 | D:6      | Noticed a wight
     6 | D:6      | Noticed a hound
    10 | D:5      | Killed a wight
    11 | D:5      | Reached skill level 7 in Stealth
    11 | D:5      | Reached XP level 2. HP: 21/21 MP: 2/2
    11 | D:5      | Reached XP level 3. HP: 26/26 MP: 3/3
   154 | D:3      | Slain by a white imp

Illustrated notes

Levels and vault maps discovered:
D:3:      layout_rooms, serial_shops, shop, gammafunk_ghost_arena,
          chequers_serial_rivers_small_3, kennysheep_generic_room_7
D:4:      layout_gridville, minmay_temple_entry_overgrown
D:5:      minmay_evil_eye, layout_cave_pods, mainiacjoe_overflow_catch_the_wave
D:6:      hellmonk_destroyed_diamonds, layout_basic, trog_three_pillars_becter,
          minmay_lizard_king, uniq_grinder, uniq_eustachio

Skill      XL: |  1 |
---------------+----+-----
Stealth        | 7 |  7.1
Fighting       | |  3.4
Short Blades   | |  2.6
Dodging        | |  2.6

Action                     || total
---------------------------++-------
  Melee: Short sword       ||    18
         Tentacles         ||     5
         Constrict         ||     6
    Use: Scroll            ||     2
         Potion            ||     1
   Stab: Sleeping          ||     2
 Armour: Skin              ||     2
  Dodge: Dodged            ||    20
